 Dungeon Crawl Stone Soup version 0.26-a0-489-g112e8ad46e (webtiles) character file.

Game seed: 13798697869097996566

6295 Gargoyl the Fighter (level 10, -1/82 HPs)
             Began as a Gnoll Abyssal Knight on Aug 3, 2020.
             Was a High Priest of Lugonu.
             Slain by a spriggan
             ... wielding a +0 spear
              (5 damage)
             ... on level 9 of the Dungeon.
             The game lasted 00:14:13 (11517 turns).

Gargoyl the Fighter (Gnoll Abyssal Knight)         Turns: 11517, Time: 00:14:14

Health: -1/82      AC: 16    Str: 15    XL:     10   Next: 94%
Magic:  18/18      EV:  8    Int: 15    God:    Lugonu [*****.]
Gold:   289        SH:  6    Dex: 20    Spells: 20/20 levels left

rFire    . . .     SeeInvis .   o - +2 hand axe (venom)
rCold    . . .     Faith    .   c - +0 buckler
rNeg     . . .     Spirit   .   u - +0 plate armour
rPois    .         Reflect  .   e - +0 helmet of Uqyidgh {Regen+ Dex+3}
rElec    .         Harm     .   (no cloak)
rCorr    .                      (no gloves)
MR       .....                  (no boots)
Stlth    ..........             (no amulet)
HPRegen  0.63/turn              (no ring)
MPRegen  0.16/turn              (no ring)

@: no status effects
A: distributed training, fangs 1, yellow scales 1, subdued magic 1, strong nose
a: Depart the Abyss, Bend Space, Banish, Corrupt, Enter the Abyss, Renounce
Religion


You were on level 9 of the Dungeon.
You worshipped Lugonu.
Lugonu was extremely pleased with you.
You visited 1 branch of the dungeon, and saw 9 of its levels.
You visited the Abyss 2 times.

You collected 640 gold pieces.
You spent 351 gold pieces at shops.

Inventory:

Hand Weapons
 a - a +1 hand axe
 o - a +2 hand axe of venom (weapon)
 r - a +4 war axe
Armour
 c - a +0 buckler (worn)
 e - the +0 helmet of Uqyidgh (worn) {Regen+ Dex+3}
   (You bought it in a shop on level 5 of the Dungeon)

   It affects your dexterity (+3).
   It increases your rate of regeneration.
 u - a +0 plate armour (worn)
Jewellery
 w - an uncursed ring of positive energy {unknown}
Wands
 p - a wand of digging (5)
 s - a wand of clouds (8)
 t - a wand of polymorph (25)
 v - a wand of flame (7)
Scrolls
 b - 2 scrolls of fear
 g - a scroll of identify
 i - 6 scrolls of teleportation
 k - 3 scrolls of magic mapping
 m - 3 scrolls of blinking
Potions
 d - 2 potions of stabbing
 f - 6 potions of curing
 h - a potion of might
 j - a potion of cancellation
 l - 3 potions of flight
 n - 2 potions of mutation
 q - 2 potions of invisibility
 x - a potion of berserk rage {unknown}


   Skills:
 + Level 8.8 Fighting
 + Level 5.7 Short Blades
 + Level 5.7 Long Blades
 + Level 7.4 Axes
 + Level 5.7 Maces & Flails
 + Level 5.7 Polearms
 + Level 5.7 Staves
 + Level 5.7 Slings
 + Level 5.7 Bows
 + Level 5.7 Crossbows
 + Level 5.7 Throwing
 + Level 7.4 Armour
 + Level 6.3 Dodging
 + Level 5.7 Stealth
 + Level 5.7 Shields
 + Level 5.7 Unarmed Combat
 + Level 5.7 Spellcasting
 + Level 4.7 Conjurations
 + Level 4.7 Hexes
 + Level 4.7 Summonings
 + Level 4.7 Necromancy
 + Level 4.7 Translocations
 + Level 4.7 Transmutations
 + Level 4.7 Fire Magic
 + Level 4.7 Ice Magic
 + Level 4.7 Air Magic
 + Level 4.7 Earth Magic
 + Level 4.7 Poison Magic
 + Level 7.9 Invocations
 + Level 5.7 Evocations


You had 20 spell levels left.
You didn't know any spells.
Your spell library was empty.

Dungeon Overview and Level Annotations

Branches:
Dungeon (9/15)             Temple (0/1) D:4            Lair (0/6) D:9
    Orc: D:9-12

Altars:
Cheibriados
Hepliaklqana
Nemelex Xobeh
Qazlal
Ru
Trog
Xom
The Shining One
Beogh

Shops:
D:5 [?*

Annotations:
D:9 pupurumpum's ghost, novice DsEE


Innate Abilities, Weirdness & Mutations

Your experience applies equally to all skills.
You have very sharp teeth.
Your uncanny sense of smell can sniff out nearby items.
You are partially covered in yellow scales. (AC +2)
Your spells are a little easier to cast, but a little less powerful.


Message History

You block the polar bear's attack.
The spriggan hits you from afar with the +11 trident "Hipsol" {flame, Fragile rPois Int+4}.
The spriggan burns you. The polar bear bites you!
The polar bear claws you but does no damage.
The polar bear claws you. The spriggan barely misses you.
The polar bear bites you.
* * * LOW HITPOINT WARNING * * *
The polar bear claws you.
* * * LOW HITPOINT WARNING * * *
The polar bear barely misses you. You block the spriggan's attack.
The spriggan hits you from afar with the +11 trident "Hipsol" {flame, Fragile rPois Int+4}!
* * * LOW HITPOINT WARNING * * *
The spriggan burns you.
* * * LOW HITPOINT WARNING * * *
The polar bear bites you but does no damage.
The polar bear claws you but does no damage. x2
The spriggan hits you from afar with a +0 spear.
You die...

#..........#...####.###
#.########............. #.#
##......######..
##.######.###..## #..
#<........# #..# ###..
#).###..#[###..#♣♣♣♣.... ###..#
#..##......♣:.♣♣♣♣. #....#
#..#####...#♣♣...♣♣ #'#.(###.@#
#...8#....♣♣ #_#...##.h#
##....#♣...♣♣ ##########.##ii#
#.....'.♣...♣ #......# #.##..#
#.....#..(♣.♣ #.####.###.##..#
#....8#..♣♣ ♣ #..........##.W#
#....#♣.♣♣∆ ♣
#####.###.###..####....♣..♣♣♣♣#
#.# #.###..........♣♣♣♣)... #.#
#.......W....##.# ###.#


You could see a polar bear (berserk, very poisoned), 2 spriggans and
pupurumpum's ghost.

Vanquished Creatures
  Pikel (D:5)
  A centaur zombie (D:9)
  A centaur skeleton (D:7)
  Grinder (D:2)
  A wyvern (D:5)
  A swamp worm (D:8)
  4 ice beasts
  6 orc warriors
  2 sky beasts
  4 phantoms
  5 ogres
  2 centaurs
  3 lemures (D:5)
  A big kobold (D:8)
  Blork the orc (D:5)
  2 bullfrogs
  4 scorpions
  5 killer bees
  4 wights (D:8)
  2 howler monkeys
  2 bullfrog zombies
  3 hounds
  A bullfrog skeleton (D:6)
  5 orc priests
  Jessica (D:2)
  An iguana (D:9)
  9 orc wizards
  5 worker ants
  Ijyb (D:3)
  A hound skeleton (D:4)
  Robin (D:3)
  2 worker ant zombies (D:7)
  3 gnolls (D:6)
  14 adders
  2 shadow imps
  A white imp (D:7)
  5 ufetubi
  An ooze (D:2)
  An adder skeleton (D:9)
  4 worms
  2 dart slugs
  2 leopard geckos
  32 orcs
  4 ball pythons
  3 giant cockroaches
  15 goblins
  12 hobgoblins
  26 jackals
  19 kobolds
  4 quokkas
  6 bats
  5 frilled lizards
  A jackal skeleton (D:6)
  A quokka skeleton (D:5)
  A quokka zombie (D:5)
  12 rats
  A plant (D:8)
260 creatures vanquished.

Vanquished Creatures (others)
  A two-headed ogre (D:5)
  A fungus (D:9)
  5 plants
7 creatures vanquished.

Grand Total: 267 creatures vanquished

Notes
Turn   | Place    | Note
-------+----------+-------------------------------------------
     0 | Abyss:1  | Gargoyl the Gnoll Abyssal Knight began the quest for the
                  | Orb.
     0 | Abyss:1  | Reached XP level 1. HP: 23/23 MP: 3/3
    32 | Abyss:1  | Found a corrupted altar of Lugonu.
   101 | Abyss:1  | Noticed a flying skull
   105 | Abyss:1  | Noticed a large abomination
   106 | D:1      | Escaped the Abyss
   335 | D:1      | Reached * piety under Lugonu
   424 | D:1      | Reached XP level 2. HP: 27/29 MP: 5/5
  1138 | D:1      | Reached XP level 3. HP: 33/35 MP: 6/6
  1560 | D:2      | Reached skill level 1 in Short Blades
  1560 | D:2      | Reached skill level 1 in Long Blades
  1560 | D:2      | Reached skill level 1 in Maces & Flails
  1560 | D:2      | Reached skill level 1 in Polearms
  1560 | D:2      | Reached skill level 1 in Staves
  1560 | D:2      | Reached skill level 1 in Slings
  1560 | D:2      | Reached skill level 1 in Bows
  1560 | D:2      | Reached skill level 1 in Crossbows
  1560 | D:2      | Reached skill level 1 in Throwing
  1560 | D:2      | Reached skill level 1 in Stealth
  1560 | D:2      | Reached skill level 1 in Shields
  1560 | D:2      | Reached skill level 1 in Unarmed Combat
  1560 | D:2      | Reached skill level 1 in Spellcasting
  1560 | D:2      | Reached skill level 1 in Evocations
  1880 | D:2      | Reached XP level 4. HP: 35/41 MP: 7/7
  2463 | D:2      | Reached ** piety under Lugonu
  2475 | D:2      | Noticed Jessica
  2485 | D:2      | Killed Jessica
  2485 | D:2      | Reached skill level 1 in Conjurations
  2485 | D:2      | Reached skill level 1 in Hexes
  2485 | D:2      | Reached skill level 1 in Summonings
  2485 | D:2      | Reached skill level 1 in Necromancy
  2485 | D:2      | Reached skill level 1 in Translocations
  2485 | D:2      | Reached skill level 1 in Transmutations
  2485 | D:2      | Reached skill level 1 in Fire Magic
  2485 | D:2      | Reached skill level 1 in Ice Magic
  2485 | D:2      | Reached skill level 1 in Air Magic
  2485 | D:2      | Reached skill level 1 in Earth Magic
  2485 | D:2      | Reached skill level 1 in Poison Magic
  2676 | D:2      | Reached XP level 5. HP: 47/47 MP: 8/8
  2868 | D:3      | Found a glowing golden altar of the Shining One.
  2869 | D:3      | Noticed Robin
  3092 | D:3      | Killed Robin
  3127 | D:3      | Noticed an orc warrior
  3164 | D:3      | Noticed Grinder
  3188 | D:2      | Killed an orc warrior
  3188 | D:2      | Reached skill level 5 in Invocations
  3188 | D:2      | Reached XP level 6. HP: 21/53 MP: 9/9
  3442 | D:2      | Gained mutation: Your spells are a little easier to cast,
                  | but a little less powerful. [potion of mutation]
  3442 | D:2      | Gained mutation: Your spells are easier to cast, but less
                  | powerful. [potion of mutation]
  3442 | D:2      | Lost mutation: Your spells are easier to cast, but less
                  | powerful. [potion of mutation]
  3442 | D:2      | Gained mutation: You are partially covered in yellow
                  | scales. (AC +2) [potion of mutation]
  3452 | D:2      | Paralysed by Grinder for 5 turns
  3473 | D:2      | Killed Grinder
  3473 | D:2      | Reached skill level 5 in Axes
  3473 | D:2      | Reached skill level 5 in Armour
  3473 | D:2      | Reached XP level 7. HP: 43/59 MP: 10/10
  3575 | D:3      | HP: 1/59 [orc priest/divine providence (13)]
  4008 | D:3      | Cast into level 1 of the Abyss (orc priest)
  4047 | Abyss:1  | Noticed a wretched star
  4048 | D:3      | Escaped the Abyss
  4060 | D:3      | Reached skill level 7 in Fighting
  4624 | D:3      | Found a sacrificial altar of Ru.
  4638 | D:3      | Noticed Ijyb
  4646 | D:3      | Killed Ijyb
  4660 | D:3      | Found a faded altar of an unknown god.
  4773 | D:3      | Found a hazy altar of Hepliaklqana.
  5202 | D:4      | Reached XP level 8. HP: 46/67 MP: 12/12
  5335 | D:4      | Reached *** piety under Lugonu
  5372 | D:4      | Found a staircase to the Ecumenical Temple.
  5808 | D:5      | Entered Level 5 of the Dungeon
  5808 | D:5      | Found Kete's General Store.
  5808 | D:5      | Noticed a wyvern
  5809 | D:5      | Found Duvan's Armour Shoppe.
  5816 | D:5      | Killed a wyvern
  5828 | D:5      | Bought a potion of heal wounds for 75 gold pieces
  5828 | D:5      | Bought a scroll of teleportation for 45 gold pieces
  5850 | D:5      | Found Opoinen's Magic Scroll Boutique.
  5951 | D:5      | Noticed a two-headed ogre
  5965 | D:5      | Banished a two-headed ogre
  5965 | D:5      | Reached XP level 9. HP: 22/73 MP: 12/14
  6279 | D:5      | Noticed Blork the orc
  6288 | D:5      | Killed Blork the orc
  6430 | D:5      | Noticed Pikel
  6470 | D:5      | Killed Pikel
  6470 | D:5      | Reached skill level 5 in Dodging
  6919 | D:5      | You fall into a shaft and drop 2 floors!
  6928 | D:6      | Reached skill level 8 in Fighting
  8156 | D:5      | Bought the +0 helmet of Uqyidgh {Regen+ Dex+3} for 231 gold
                  | pieces
  8523 | D:7      | Reached XP level 10. HP: 80/80 MP: 17/17
  8636 | D:6      | Reached **** piety under Lugonu
  8770 | D:7      | Reached skill level 5 in Short Blades
  8770 | D:7      | Reached skill level 5 in Long Blades
  8770 | D:7      | Reached skill level 5 in Maces & Flails
  8770 | D:7      | Reached skill level 5 in Polearms
  8770 | D:7      | Reached skill level 5 in Staves
  8770 | D:7      | Reached skill level 5 in Slings
  8770 | D:7      | Reached skill level 5 in Bows
  8770 | D:7      | Reached skill level 5 in Crossbows
  8770 | D:7      | Reached skill level 5 in Throwing
  8770 | D:7      | Reached skill level 5 in Stealth
  8770 | D:7      | Reached skill level 5 in Shields
  8770 | D:7      | Reached skill level 5 in Unarmed Combat
  8770 | D:7      | Reached skill level 5 in Spellcasting
  8770 | D:7      | Reached skill level 5 in Evocations
  9239 | D:7      | Found a transporter.
  9243 | D:7      | Found a roughly hewn altar of Beogh.
  9243 | D:7      | Found a transporter.
  9585 | D:8      | Reached ***** piety under Lugonu
  9671 | D:8      | Found a snail-covered altar of Cheibriados.
 10060 | D:8      | Found a sparkling altar of Nemelex Xobeh.
 10630 | D:9      | Found a runed translucent door.
 10693 | D:9      | Found a stormy altar of Qazlal.
 10700 | D:9      | Found a staircase to the Lair.
 11018 | D:9      | Identified the +11 trident "Hipsol" {flame, Fragile rPois
                  | Int+4}
 11019 | D:9      | Noticed pupurumpum's ghost (novice DsEE)
 11283 | D:9      | Found a shimmering altar of Xom.
 11413 | D:9      | Found a bloodstained altar of Trog.
 11515 | D:9      | HP: 3/82 [spriggan/the +11 trident "Hipsol" {flame, Fragile
                  | rPois Int+4} (4)]
 11517 | D:9      | Slain by a spriggan

Illustrated notes

Levels and vault maps discovered:
D:1:      lightli_arrival_statuegarden, layout_basic, minmay_misc_feat_alley
D:2:      layout_loops_ring, uniq_jessica
D:3:      minmay_recursive_quarters, layout_rooms, marbit_many_paths,
          grunt_temple_overflow_open, chequers_ecumenical_altar_twisty,
          uniq_grinder, uniq_ijyb, uniq_robin
D:4:      layout_basic, minmay_temple_entry_sparse_star
D:5:      layout_basic, serial_shops, nicolae_shop_competitors_out_of_business,
          shop, shop, kennysheep_generic_room_6, uniq_blork_the_orc, uniq_pikel
D:6:      layout_loops_corners, serial_glass, glass_columns_a, glass_columns_c,
          glass_columns_b, glass_columns_b, glass_columns_a,
          minmay_strange_pillars
D:7:      gammafunk_beogh_shrine, layout_basic, chequers_serial_rivers_micro_c
D:8:      layout_loops_ring, overflow_temple_1_default, cheibrodos_worm_habitat,
          worms_lemuel
D:9:      layout_loops_ring, lemuel_coloured_pillars_altar,
          kennysheep_little_box, kennysheep_mini, lair_entry_dummy,
          ebering_ghost_funeral_grove

Skill      XL: |  1  2  3  4  5  6  7  8  9 10 |
---------------+-------------------------------+-----
Short Blades   | 1 2 3 4 5 |  5.7
Long Blades    | 1 2 3 4 5 |  5.7
Maces & Flails | 1 2 3 4 5 |  5.7
Polearms       | 1 2 3 4 5 |  5.7
Staves         | 1 2 3 4 5 |  5.7
Slings         | 1 2 3 4 5 |  5.7
Bows           | 1 2 3 4 5 |  5.7
Crossbows      | 1 2 3 4 5 |  5.7
Throwing       | 1 2 3 4 5 |  5.7
Stealth        | 1 2 3 4 5 |  5.7
Shields        | 1 2 3 4 5 |  5.7
Unarmed Combat | 1 2 3 4 5 |  5.7
Spellcasting   | 1 2 3 4 5 |  5.7
Evocations     | 1 2 3 4 5 |  5.7
Conjurations   | 1 2 3 4 |  4.7
Hexes          | 1 2 3 4 |  4.7
Summonings     | 1 2 3 4 |  4.7
Necromancy     | 1 2 3 4 |  4.7
Translocations | 1 2 3 4 |  4.7
Transmutations | 1 2 3 4 |  4.7
Fire Magic     | 1 2 3 4 |  4.7
Ice Magic      | 1 2 3 4 |  4.7
Air Magic      | 1 2 3 4 |  4.7
Earth Magic    | 1 2 3 4 |  4.7
Poison Magic   | 1 2 3 4 |  4.7
Dodging        | 3 4 5 6 |  6.3
Invocations    | 5 6 7 |  7.9
Axes           | 5 6 7 |  7.4
Armour         | 5 6 7 |  7.4
Fighting       | 7 8 |  8.8

Action                   |  1- 3 |  4- 6 |  7- 9 | 10-12 || total
-------------------------+-------+-------+-------+-------++-------
Melee: Hand axe          |   100 |   150 |   388 |   396 ||  1034
       Bite              |     3 |    15 |    55 |    70 ||   143
Invok: Depart the Abyss  |     1 |       |     1 |       ||     2
       Bend Space        |       |       |     1 |       ||     1
       Banish            |       |       |     1 |       ||     1
  Use: Scroll            |     4 |     1 |     6 |     4 ||    15
       Potion            |       |     3 |       |     2 ||     5
Armor: Leather armour    |    26 |     5 |       |       ||    31
       Scale mail        |       |    30 |       |       ||    30
       Skin              |       |    11 |       |       ||    11
       Chain mail        |       |    11 |   213 |       ||   224
       Plate armour      |       |       |    20 |   258 ||   278
Dodge: Dodged            |    63 |    70 |   133 |   109 ||   375
Block: Buckler           |    15 |    22 |    82 |    96 ||   215

Table legend: (Time is in decaauts)
 A = Elapsed time spent in this place.
 B = Non-inter-level travel time spent in this place.
 C = Inter-level travel time spent in this place.
 D = Time resting spent in this place.
 E = Time spent auto-exploring this place.
 F = Levels seen in this place.
 G = Mean time per level.
                   A        B        C        D        E       F      G
               +--------+--------+--------+--------+--------+-----+--------+
         Total |  11572 |  11247 |    325 |   3344 |   5580 |  11 | 1052.0 |
       Dungeon |  11426 |  11101 |    325 |   3344 |   5454 |   9 | 1269.6 |
         Abyss |    145 |    145 |      0 |      0 |    126 |   2 |   72.5 |
               +--------+--------+--------+--------+--------+-----+--------+

Top non-repeatable levels by time:
     D:2: 2166 daAuts
     D:5: 1514 daAuts
     D:1: 1376 daAuts
     D:6: 1342 daAuts
     D:4: 1212 daAuts
     D:8: 1045 daAuts
     D:3: 944 daAuts
     D:9: 929 daAuts
     D:7: 896 daAuts
 Abyss:1: 145 daAuts
